 Dungeon Crawl Stone Soup version 0.28.0-45-g0d030f2227 (webtiles) character file.

Game seed: 11078285785415728499

4 DemonSlayer the Firebug (level 1, 0/13 HPs)
             Began as a Demonspawn Fire Elementalist on Apr 18, 2022.
             Slain by a jackal (1 damage)
             ... on level 1 of the Dungeon.
             The game lasted 00:00:47 (244 turns).

DemonSlayer the Firebug (DsFE)                       Turns: 244, Time: 00:00:47

Health: 0/13       AC:  2    Str:  8    XL:     1   Next: 58%
Magic:  2/3        EV: 12    Int: 16    God:
Gold:   0          SH:  0    Dex: 13    Spells: 3/4 levels left

rFire   . . .      SeeInvis .   b - +0 dagger
rCold   . . .      Faith    .   (no shield)
rNeg    . . .      Spirit   .   a - +0 robe
rPois   .          Reflect  .   (no helmet)
rElec   .          Harm     .   (no cloak)
rCorr   .          Rampage  .   (no gloves)
Will    .....                   (no boots)
Stlth   ++........              (no amulet)
HPRegen 0.04/turn               (no ring)
MPRegen 0.08/turn               (no ring)

@: no status effects
A: no striking features
a: no special abilities


You were on level 1 of the Dungeon.
You visited 1 branch of the dungeon, and saw 1 of its levels.

Inventory:

Hand Weapons
 b - a +0 dagger (weapon)
Armour
 a - a +0 robe (worn)


   Skills:
 + Level 1.7 Dodging
 + Level 1.7 Stealth
 + Level 2.1 Spellcasting
 + Level 1.0 Conjurations
 + Level 2.9 Fire Magic


You had 3 spell levels left.
You knew the following spells:

 Your Spells              Type           Power      Damage    Failure   Level
a - Foxfire               Conj/Fire      32%        2x1d5     9%          1

Your spell library contained the following spells:

 Spells                   Type           Power      Damage    Failure   Level
 Scorch                   Fire           22%        2d6       10%         2
 Conjure Flame            Conj/Fire      8%         6-21      26%         3
 Inner Flame              Hex/Fire       6%         N/A       32%         3
 Flame Wave               Conj/Fire      8%         2d5       65%         4


Dungeon Overview and Level Annotations

Branches:
Dungeon (1/15)

Altars:


Message History

The jackal barks!
You hear a bark!
A jackal comes into view.
The jackal misses you.
You hit the jackal. Your punch misses the jackal.
The jackal is moderately wounded.
The jackal bites you but does no damage.
The jackal closely misses you. The jackal bites you.
You conjure some foxfire!
The jackal barely misses you. The jackal bites you.
There is not enough space to conjure foxfire!
There is not enough space to conjure foxfire!
There is not enough space to conjure foxfire!
You completely miss the jackal. The jackal bites you.
The jackal barely misses you. x3
Your foxfire dissipates!
You hit the jackal but do no damage.
The jackal is moderately wounded.
The jackal bites you. The jackal barely misses you.
You closely miss the jackal. You punch the jackal, but do no damage.
The jackal is moderately wounded.
The jackal bites you.
* * * LOW HITPOINT WARNING * * *
You barely miss the jackal.
The jackal is moderately wounded.
The jackal barely misses you. The jackal closely misses you.
You hit the jackal.
The jackal is severely wounded.
The jackal closely misses you.
You closely miss the jackal.
The jackal is severely wounded.
The jackal bites you but does no damage.
You hit the jackal.
You kill the jackal!
You hit the jackal.
The jackal is lightly wounded.
The jackal barely misses you. The jackal bites you.
* * * LOW HITPOINT WARNING * * *
You closely miss the jackal.
The jackal is lightly wounded.
The jackal bites you.
You die...

######## #......#####
#@##.......#
#h##.#.###.#
#....##.#.###.####
...........#.##.....#
####....####.##..##.#
##.#.# #.##..##.#
#.#.. ..##..##.#
#.### ####...#.# #+
#.#.#.#


You could see a jackal.

Vanquished Creatures
  A hobgoblin (D:1)
  A jackal (D:1)
  A kobold (D:1)
  A bat (D:1)
4 creatures vanquished.

Vanquished Creatures (others)
  14 foxfires (D:1)
14 creatures vanquished.

Grand Total: 18 creatures vanquished

Notes
Turn   | Place    | Note
-------+----------+-------------------------------------------
     0 | D:1      | DemonSlayer the Demonspawn Fire Elementalist began the
                  | quest for the Orb.
     0 | D:1      | Reached XP level 1. HP: 13/13 MP: 3/3
   244 | D:1      | Slain by a jackal

Illustrated notes

Levels and vault maps discovered:
D:1:      tarquinn_simple_flora_water_f, layout_loops_corners,
          hellmonk_ecumenical_altar_watching_god

Action                   || total
-------------------------++-------
Melee: Dagger            ||    11
       Unarmed           ||     5
       Punch             ||     1
 Cast: Foxfire           ||    11
Armor: Robe              ||     7
Dodge: Dodged            ||    21
